Map: Oxide LE

Players

ByuN - Winner!

  • Race: Terran Terran
  • League: Diamond
  • Spawn Location: 1:00

Rogue

  • Race: Zerg Zerg
  • Spawn Location: 7:00

Event: TSL 6

VOD

Have the link to the VOD?

Description

Time

  • Played on: Dec. 13, 2020, 2:14 p.m.
  • Length: 11:34

All games in this series

Show
View Real Time Build Order
Export as new Build Order

ByuN Terran - Winner!

Build Orders:  

Get SALT Encoding   

  12  0:00  SCV  
  13  0:12  SCV  
  14  0:17  Supply Depot  
  14  0:24  SCV  
  15  0:38  SCV  
  15  0:39  Barracks  
  15  0:42  Refinery  
  16  0:50  SCV  
  17  1:02  SCV  
  18  1:15  SCV  
  19  1:25  Barracks Reactor  
  19  1:27  Orbital Command  
  19  1:37  Command Center  
  19  1:48  Barracks  
  19  1:53  SCV  
  20  1:59  Supply Depot  
  20  2:03  Marine  
  20  2:04  Marine  
  20  2:06  SCV  
  23  2:21  SCV  
  23  2:22  Marine x2  
  26  2:25  Factory  
  26  2:33  SCV  
  26  2:35  Barracks Tech Lab  
  27  2:38  Refinery  
  27  2:41  Marine x2  
  29  2:45  SCV  
  29  2:49  Orbital Command  
  30  2:54  Marine  
  30  2:57  SCV  
  32  3:00  Marine x2  
  34  3:06  Stimpack  
  34  3:09  SCV  
  35  3:13  Marine  
  35  3:15  SCV  
  35  3:18  Marine  
  35  3:19  Marine  
  38  3:21  SCV  
  38  3:24  Supply Depot  
  40  3:27  SCV  
  40  3:31  Starport  
  41  3:34  Factory Reactor  
  41  3:36  Marine  
  41  3:38  SCV  
  41  3:39  SCV  
  44  3:41  Marine  
  44  3:44  Marine  
  46  3:50  Supply Depot  
  46  3:51  SCV x2  
  46  3:54  Marine  
  49  3:58  Supply Depot  
  49  4:00  Marine  
  49  4:02  Marine  
  51  4:03  SCV x2  
  53  4:13  Medivac  
  53  4:14  Medivac, Marine  
  53  4:16  Hellion  
  60  4:18  Marine  
  60  4:19  Marine  
  60  4:21  SCV  
  60  4:22  SCV  
  64  4:27  Supply Depot  
  64  4:33  Supply Depot, Marine  
  64  4:36  SCV x2, Marine  
  68  4:40  Marine  
  69  4:48  Combat Shield, Medivac  
  69  4:50  Marine  
  69  4:52  SCV x2  
  74  4:54  Marine  
  74  4:58  Marine  
  74  5:08  SCV x2, Marine  
  74  5:11  Factory Tech Lab, Marine  
  73  5:16  Marine  
  73  5:20  SCV x2  
  70  5:26  Marine  
  69  5:29  Marine  
  69  5:31  Siege Tank  
  69  5:33  Marine  
  69  5:34  Command Center  
  69  5:35  Refinery  
  73  5:36  Refinery  
  73  5:37  SCV x2  
  75  5:44  Marine  
  75  5:47  Marine  
  77  5:50  Engineering Bay  
  77  5:51  Marine  
  77  5:52  Engineering Bay, Barracks, SCV x2  
  80  6:00  Starport Reactor  
  80  6:02  Marine  
  81  6:04  SCV x2  
  81  6:05  Marine  
  84  6:14  Siege Tank  
  84  6:17  Marine  
  84  6:18  Barracks  
  88  6:20  Barracks, Marauder  
  88  6:23  SCV x2, Marine  
  93  6:26  Terran Infantry Armor Level 1, Terran Infantry Weapons Level 1  
  93  6:35  SCV  
  93  6:36  Supply Depot  
  93  6:38  Supply Depot  
  93  6:39  Armory  
  94  6:41  SCV, Marine x3  
  94  6:43  Marauder  
  100  6:54  Marine  
  100  6:57  Siege Tank  
  100  6:58  Marine x3  
  100  7:00  SCV x2  
  109  7:04  Marauder  
  109  7:06  Medivac x2  
  115  7:09  Barracks Reactor x2  
  115  7:12  SCV  
  115  7:15  SCV  
  117  7:19  Orbital Command  
  116  7:24  SCV  
  116  7:25  Supply Depot  
  116  7:27  SCV  
  118  7:30  Marine x4  
  118  7:33  Siege Tank  
  118  7:35  Marauder  
  127  7:40  SCV x2  
  127  7:43  Terran Vehicle Weapons Level 1  
  129  7:45  Supply Depot  
  129  7:46  SCV  
  129  7:49  Missile Turret  
  130  7:51  Marine  
  130  7:52  Marine x3  
  130  7:53  Marine x3  
  130  7:55  Marine  
  130  7:56  Marine  
  139  8:02  SCV x3  
  141  8:07  Siege Tank  
  141  8:08  Medivac x2  
  141  8:11  Marine x4  
  141  8:12  Marine x3  
  154  8:13  Marine  
  154  8:18  SCV x2  
  154  8:19  Refinery  
  157  8:21  Refinery  
  157  8:22  Terran Infantry Weapons Level 2  
  157  8:24  Supply Depot  
  157  8:32  Supply Depot  
  157  8:33  Terran Infantry Armor Level 2, Supply Depot  
  157  8:38  Supply Depot  
  157  8:45  Supply Depot  
  157  8:46  SCV, Marine x7  
  163  8:51  Marine  
  163  8:52  Marauder, Concussive Shells  
  163  8:54  Siege Tank  
  163  8:55  Supply Depot  
  168  8:59  Factory  
  168  9:02  Missile Turret  
  168  9:08  Marine x2  
  168  9:09  Marine x6  
  176  9:13  Marauder  
  176  9:17  Medivac x2  
  182  9:30  Marine x5  
  182  9:31  Marine x3  
  186  9:34  Marauder  
  186  9:35  Siege Tank  
  182  9:48  Factory Tech Lab, Marine x6  
  182  9:49  Marine x2  
  190  9:56  Marauder  
  192  10:04  Command Center  
  191  10:07  Siege Tank  
  191  10:11  Marine x5  
  191  10:12  Marine  
  199  10:25  Marine  
  199  10:26  Marine  
  199  10:27  Marine  
  192  10:29  Marine  
  192  10:31  Siege Tank  
  196  10:35  Marine x2  
  196  10:37  Marine x2  
  195  10:53  Marine x4  
  195  10:54  Marauder  
  198  10:59  Marine x2  
  195  11:11  Marine  
  189  11:13  Marine x2  
Show
View Real Time Build Order
Export as new Build Order

Rogue Zerg 

Build Orders: Hatch First, Lurkers 

Get SALT Encoding   

  12  0:00  Drone  
  13  0:12  Overlord  
  13  0:16  Drone  
  14  0:30  Drone x2  
  16  0:47  Hatchery  
  15  0:50  Drone  
  15  0:53  Drone  
  18  0:57  Drone  
  18  1:07  Extractor  
  17  1:12  Spawning Pool  
  17  1:15  Drone  
  17  1:18  Drone  
  18  1:28  Drone  
  19  1:39  Drone  
  20  1:49  Drone  
  21  1:58  Queen  
  21  1:59  Zergling x2, Queen  
  21  2:00  Zergling x2  
  27  2:12  Overlord  
  27  2:18  Hatchery  
  27  2:20  Drone  
  27  2:23  Drone  
  27  2:27  Metabolic Boost  
  28  2:32  Drone  
  28  2:35  Drone  
  30  2:38  Drone  
  31  2:46  Queen  
  31  2:50  Overlord  
  33  2:52  Drone  
  33  2:55  Drone x2  
  36  3:08  Drone  
  36  3:09  Drone x4  
  41  3:15  Overlord  
  41  3:18  Drone  
  42  3:21  Queen  
  44  3:31  Roach Warren  
  44  3:32  Drone  
  44  3:33  Drone  
  45  3:36  Queen  
  45  3:38  Drone x2  
  49  3:42  Drone x2  
  49  3:43  Overlord  
  49  3:46  Drone x2  
  49  3:48  Drone  
  54  3:52  Drone x2  
  54  3:55  Drone x2  
  58  3:58  Overlord  
  58  4:06  Drone x2  
  60  4:10  Overlord  
  60  4:15  Extractor x2  
  60  4:16  Drone x4  
  62  4:20  Overlord  
  62  4:26  Roach x6  
  74  4:32  Roach  
  74  4:34  Extractor  
  75  4:39  Overlord  
  75  4:42  Drone x4  
  78  4:46  Roach x2, Spore Crawler  
  78  4:47  Roach  
  78  4:50  Roach  
  78  4:52  Drone  
  86  4:53  Drone x3  
  86  4:56  Overlord  
  86  4:57  Overlord  
  89  5:02  Lair  
  89  5:05  Roach x2  
  90  5:08  Roach  
  90  5:11  Roach x2  
  82  5:15  Roach  
  82  5:16  Roach  
  82  5:18  Roach  
  82  5:21  Roach  
  80  5:23  Roach  
  80  5:25  Zergling x8  
  80  5:29  Roach  
  80  5:31  Roach  
  80  5:33  Queen  
  84  5:38  Queen  
  84  5:40  Spore Crawler  
  85  5:43  Drone x4  
  85  5:46  Extractor  
  85  5:47  Roach  
  85  5:48  Drone x2  
  92  5:54  Drone x2  
  92  5:56  Drone  
  95  5:58  Evolution Chamber  
  95  6:00  Evolution Chamber  
  95  6:01  Queen  
  95  6:02  Glial Reconstitution  
  95  6:06  Drone x2  
  95  6:10  Overlord  
  97  6:13  Overlord  
  97  6:15  Extractor, Spore Crawler  
  97  6:16  Overlord  
  95  6:22  Drone x2  
  97  6:26  Zerg Ground Armor Level 1, Overlord, Zerg Missile Weapons Level 1  
  99  6:33  Roach x2  
  99  6:36  Queen  
  99  6:38  Roach  
  105  6:41  Roach  
  105  6:44  Roach x4  
  115  6:48  Roach  
  115  6:49  Roach  
  115  6:50  Roach  
  115  6:51  Roach  
  115  6:53  Ravager x4  
  127  6:55  Overseer  
  127  6:56  Overlord  
  127  7:00  Drone  
  127  7:01  Drone x2  
  130  7:06  Overlord  
  130  7:11  Overlord  
  130  7:12  Infestation Pit  
  129  7:16  Drone x7  
  129  7:21  Roach  
  137  7:30  Roach  
  137  7:31  Roach x4  
  137  7:36  Ravager x2  
  137  7:37  Ravager x2  
  151  7:40  Overlord  
  151  7:41  Hatchery  
  151  7:43  Roach  
  152  7:47  Overlord  
  152  7:51  Overlord  
  152  7:55  Overlord x2  
  152  8:01  Roach  
  152  8:02  Roach x3  
  152  8:04  Overlord  
  160  8:11  Hive  
  160  8:13  Drone x2  
  160  8:14  Hydralisk Den, Drone x3  
  164  8:20  Roach  
  164  8:21  Roach x5  
  176  8:27  Zerg Missile Weapons Level 2, Zerg Ground Armor Level 2  
  176  8:29  Extractor  
  176  8:30  Extractor, Roach  
  176  8:31  Roach x3  
  176  8:32  Zergling x2  
  176  8:34  Drone  
  184  8:42  Drone  
  184  8:43  Drone x2  
  184  8:44  Lurker Den  
  184  8:45  Zergling x6  
  188  8:52  Pneumatized Carapace  
  186  9:01  Zergling x2  
  186  9:02  Zergling x16  
  195  9:11  Hydralisk x2  
  195  9:17  Hatchery  
  198  9:22  Spore Crawler  
  197  9:30  Burrow  
  197  9:35  Viper  
  199  9:42  Viper x2  
  199  9:43  Hydralisk  
  199  9:44  Hydralisk x7  
  197  9:46  Zergling x6  
  197  9:50  Adaptive Talons  
  200  9:53  Spore Crawler  
  200  9:57  Zergling x2  
  196  10:08  Lurker x2  
  196  10:11  Lurker x2  
  200  10:19  Lurker x2  
  198  10:26  Roach x7  
  198  10:28  Roach  
  193  10:30  Zergling x2  
  193  10:31  Zergling x12  
  200  10:38  Overseer  
  198  10:52  Lurker x2  
  155  11:16  Zergling x2  
Tags
 
Composition
Lurkers
Event
TSL 6
League
Diamond
Matchup
TvZ
Player
ByuNRogue
Spawn Locations
Cross Positions
Add a new tag
Caveats
  • Supply blocks, unpowered buildings, or Contaminate may cause inaccurate times.
  • Supply counts are checked every 10 seconds.